 Dungeon Crawl Stone Soup version 0.28.0-43-g3370ac3207 (webtiles) character file.

Game seed: 5821065476307531345

28 Peloso the Shield-Bearer (level 2, 0/27 HPs)
             Began as a Minotaur Fighter on Mar 6, 2022.
             Frozen to death by an endoplasm (4 damage)
             ... on level 1 of the Dungeon.
             The game lasted 00:01:04 (648 turns).

Peloso the Shield-Bearer (Minotaur Fighter)          Turns: 648, Time: 00:01:04

Health: 0/27       AC: 11    Str: 20    XL:     2   Next: 96%
Magic:  1/1        EV:  5    Int:  5    God:
Gold:   24         SH:  4    Dex:  9    Spells: 1/1 levels left

rFire   . . .      SeeInvis .   a - +0 long sword
rCold   . . .      Faith    .   c - +0 buckler
rNeg    . . .      Spirit   .   i - +0 plate armour
rPois   .          Reflect  .   (helmet restricted)
rElec   .          Harm     .   (no cloak)
rCorr   .          Rampage  .   (no gloves)
Will    .....                   (no boots)
Stlth   ..........              (no amulet)
HPRegen 0.09/turn               (no ring)
MPRegen 0.07/turn               (no ring)

@: no status effects
A: horns 2, retaliatory headbutt
a: no special abilities


You were on level 1 of the Dungeon.
You visited 1 branch of the dungeon, and saw 1 of its levels.

You collected 24 gold pieces.

Inventory:

Hand Weapons
 a - a +0 long sword (weapon)
Armour
 b - a +0 scale mail
 c - a +0 buckler (worn)
 i - a +0 plate armour (worn)
Scrolls
 e - a scroll of torment {unknown}
 f - a scroll of vulnerability {unknown}
 g - a scroll of acquirement {unknown}
 j - a scroll of enchant weapon {unknown}
Potions
 d - a potion of might
 h - a potion of curing {unknown}


   Skills:
 + Level 4.0 Fighting
 + Level 2.8 Long Blades
 + Level 4.0 Armour
 + Level 0.4 Dodging
 + Level 4.1 Shields


You had one spell level left.
You didn't know any spells.
Your spell library was empty.

Dungeon Overview and Level Annotations

Branches:
Dungeon (1/15)

Altars:


Innate Abilities, Weirdness & Mutations

You have a pair of horns on your head.
You reflexively headbutt those who attack you in melee.


Message History

The jackal bites you but does no damage.
You slash the jackal!
You kill the jackal!
The jackal bites you but does no damage. x2
The jackal closely misses you. The endoplasm freezes you.
You are frozen.
The jackal bites you but does no damage.
You barely miss the jackal.
The jackal bites you but does no damage. x2
The jackal pauses to sniff the ground.
The jackal bites you but does no damage.
The endoplasm freezes you.
You are frozen.
You slash the jackal!
You kill the jackal!
The jackal barely misses you. The endoplasm freezes you.
You are frozen.
You block the jackal's attack.
The jackal bites you but does no damage.
The jackal bites you but does no damage.
You slash the jackal!
You kill the jackal!
The endoplasm freezes you.
You are frozen.
The endoplasm freezes you.
You are frozen.
* * * LOW HITPOINT WARNING * * *
You hit the endoplasm. Your headbutt misses the endoplasm.
The endoplasm is moderately wounded.
The endoplasm hits you but does no damage.
You block the endoplasm's attack.
Unknown command.
The jackal stops to sniff the ground.
There is a stone staircase leading down here.
You can't go up here!
The endoplasm hits you but does no damage.
The endoplasm freezes you.
You are frozen.
You die...

...#...h..<......#.............#.
...#..⌠...>...⌠..#.............#.
...###'#######'###.............#.
...............................##
#......##.....h................##
#................................
#..........r.B........##.#.......
#.....(#...r...J....####.###.###.
########......hJ@...# #.#..P...P
#.......h..#.# ##.#.#.#P#P
#.........##.###..#......P
#.................###P###.
#.........######..#.P.._P.
#.........# #..###P###.
#.........# #..#......P
##.......## #..#.#.#.#. ##.....##
#..#..P....


You could see 2 endoplasms, 3 jackals, a giant cockroach and 2 rats.

Vanquished Creatures
  A dart slug (D:1)
  4 endoplasms (D:1)
  2 giant cockroaches (D:1)
  2 hobgoblins (D:1)
  3 jackals (D:1)
  2 ball pythons (D:1)
  A bat (D:1)
  6 frilled lizards (D:1)
  2 goblins (D:1)
  A rat (D:1)
24 creatures vanquished.

Vanquished Creatures (others)
  8 plants (D:1)
8 creatures vanquished.

Grand Total: 32 creatures vanquished

Notes
Turn   | Place    | Note
-------+----------+-------------------------------------------
     0 | D:1      | Peloso the Minotaur Fighter began the quest for the Orb.
     0 | D:1      | Reached XP level 1. HP: 19/19 MP: 0/0
     1 | D:1      | Found a runed translucent door.
    96 | D:1      | Found a faded altar of an unknown god.
   113 | D:1      | Reached XP level 2. HP: 21/27 MP: 1/1
   648 | D:1      | Frozen to death by an endoplasm

Illustrated notes

Levels and vault maps discovered:
D:1:      dpeg_arrival_caged_fury, layout_rooms,
          shapermc_ecumenical_altar_mp_urbaneastern, minmay_misc_feat_doors,
          minmay_lizard_king

Skill      XL: |  1  2 |
---------------+-------+-----
Shields        | 4 |  4.1
Fighting       | 4 |  4.0
Armour         | 4 |  4.0
Long Blades    | |  2.8
Dodging        | |  0.4

Action                   || total
-------------------------++-------
Melee: Long sword        ||    53
       Headbutt          ||     4
Armor: Scale mail        ||    11
       Plate armour      ||    25
Dodge: Dodged            ||    24
Block: Buckler           ||    13
